 Dungeon Crawl Stone Soup version 0.31-a0-214-gb37851dbb3 (webtiles) character file.

Game seed: 9536288201935641277

156 qw the Shooter (level 5, -1/45 HPs)
             Began as a Minotaur Hexslinger on July 1, 2023.
             Slain by a gnoll
             ... wielding a +0 halberd
              (15 damage)
             ... on level 3 of the Dungeon.
             The game lasted 00:00:42 (1893 turns).

qw the Shooter (Minotaur Hexslinger)                Turns: 1893, Time: 00:00:43

Health: -1/45      AC:  5    Str: 12    XL:     5   Next: 14%
Magic:  5/5        EV: 11    Int: 10    God:
Gold:   132        SH:  0    Dex: 15    Spells: 5/6 levels left

rFire   . . .        Y - +1 sling
rCold   . . .        (no shield)
rNeg    . . .        f - +0 ring mail
rPois   .            (helmet restricted)
rElec   +            (no cloak)
rCorr   +            (no gloves)
SInv    .            (no boots)
Will    .....        (no amulet)
Stlth   +            i - ring of resist corrosion
HPRegen 0.27/turn    a - ring "Anoi" {rElec Slay+4}
MPRegen 0.09/turn

%: no passive effects
@: no status effects
A: horns 2, retaliatory headbutt
a: no special abilities


You were on level 3 of the Dungeon.
You visited 1 branch of the dungeon, and saw 3 of its levels.

You collected 132 gold pieces.


Innate Abilities, Weirdness & Mutations

You have a pair of horns on your head.
You reflexively headbutt those who attack you in melee.


   Skills:
 - Level 3.0 Fighting
 + Level 5.0 Ranged Weapons
 - Level 1.3 Armour
 - Level 2.1 Dodging
 - Level 1.0 Spellcasting
 - Level 2.0 Hexes


You had 5 spell levels left.
You knew the following spells:

 Your Spells              Type           Power      Damage    Failure   Level
a - Slow                  Hex            16%        N/A       32%         1

Your spell library contained the following spells:

 Spells                   Type           Power      Damage    Failure   Level
 Inner Flame              Hex/Fire       2%         N/A       83%         3
 Portal Projectile        Hex/Tloc       4%         N/A       83%         3
 Cause Fear               Hex            2%         N/A       97%         4

Inventory:

Hand Weapons
 Y - a +1 sling (weapon)
Armour
 f - a +0 ring mail (worn)
Jewellery
 a - the ring "Anoi" (right hand) {rElec Slay+4}
   (You acquired it on level 1 of the Dungeon)

   [ring of slaying]

   Slay:      It affects your accuracy & damage with ranged weapons and melee
   (+4).
   rElec:     It insulates you from electricity.
 i - a ring of resist corrosion (left hand)
Scrolls
 c - a scroll of identify {unknown}
 d - a scroll of torment {unknown}
 g - a scroll of teleportation {unknown}
Potions
 b - a potion of brilliance {unknown}
 e - a potion of invisibility {unknown}
 h - a potion of haste
 j - a potion of heal wounds {unknown}
 k - a potion of curing

Dungeon Overview and Level Annotations

Branches:
Dungeon (3/15)

Altars:


Message History

You shoot a sling bullet. The sling bullet hits the gnoll!
The gnoll is severely wounded.
You hear a shout!
The gnoll hits you from afar with a +0 halberd.
The gnoll hits you but does no damage. The gnoll hits you with a +0 club.
The gnoll hits you from afar with a +0 halberd.
You shoot a sling bullet. The sling bullet hits the gnoll.
You kill the gnoll!
You hear an angry hiss.
A kobold comes into view. It is wielding a +0 whip.
The gnoll closely misses you.
An adder comes into view.
Your Fighting skill increases to level 3!
You shoot a sling bullet.
The sling bullet barely misses the kobold.
The kobold hits you but does no damage. The gnoll barely misses you.
You shoot a sling bullet.
The sling bullet hits the kobold but does no damage.
The kobold barely misses you. You furiously retaliate!
You headbutt the kobold!
You kill the kobold!
The gnoll closely misses you.
The gnoll hits you from afar with a +0 halberd.
You shoot a sling bullet.
The sling bullet barely misses the adder.
The adder closely misses you. The adder bites you but does no damage.
The gnoll barely misses you.
You shoot a sling bullet.
The sling bullet barely misses the adder.
The adder bites you. The gnoll barely misses you. The adder bites you.
You shoot a sling bullet. The sling bullet misses the adder.
The gnoll barely misses you. The adder completely misses you.
You shoot a sling bullet.
The sling bullet closely misses the adder.
The adder bites you. The gnoll closely misses you. The adder barely misses you.
The gnoll barely misses you.
You shoot a sling bullet. The sling bullet hits the adder.
The adder is heavily wounded.
The adder barely misses you. You furiously retaliate!
You headbutt the adder.
The gnoll hits you from afar with a +0 halberd!
You die...

#
...#)#########(#
...#.#># #.#
##.).#.# #.#
..#.##.## #)#
#.#.#...## #)#
#.#......####
#.#
............#
#.#
..#......##.#
#.# ###.#...## #
#@# ##...#.##
#.Sg.>...
#......#
###.....#
#......# .#####
#.....## #
##...## #####


You could see a gnoll and an adder.

Vanquished Creatures
  Robin (D:2)
  An adder (D:2)
  7 gnolls
  A worm (D:2)
  A dart slug (D:1)
  An orc (D:3)
  8 ball pythons
  3 bats
  4 endoplasms
  A giant cockroach (D:2)
  11 goblins
  6 hobgoblins
  5 quokkas
  3 frilled lizards
  5 kobolds
  5 rats
63 creatures vanquished.

Notes
Turn   | Place    | Note
-------+----------+-------------------------------------------
     0 | D:1      | qw the Minotaur Hexslinger began the quest for the Orb.
     0 | D:1      | Reached XP level 1. HP: 16/16 MP: 1/1
     0 | D:1      | 0 ||| qw: Version: 0.3-a-32-g5962c71
     0 | D:1      | 0 ||| qw: Game counter: 7412
     0 | D:1      | 0 ||| qw: Melee chars always use a shield: true
     0 | D:1      | 0 ||| qw: God list: Okawaru
     0 | D:1      | 0 ||| qw: Allow faded altars: false
     0 | D:1      | 0 ||| qw: Do Orc after clearing Dungeon:15 true
     0 | D:1      | 0 ||| qw: Do second Lair branch before Depths: true
     0 | D:1      | 0 ||| qw: Lair rune preference: random
     0 | D:1      | 0 ||| qw: Goals: Normal
     0 | D:1      | 0 ||| PLANNING D:1-11
   306 | D:1      | HP: 2/16 [quokka (4)]
   308 | D:1      | Reached skill level 3 in Ranged Weapons
   308 | D:1      | Reached XP level 2. HP: 3/23 MP: 2/2
   888 | D:1      | 888 ||| UPGRADING to +0 leather armour.
   898 | D:1      | 898 ||| DROPPING +0 robe.
   899 | D:1      | 899 ||| UPGRADING to +0 ring mail.
   909 | D:1      | 909 ||| DROPPING +0 leather armour.
   910 | D:1      | 910 ||| UPGRADING to ring of resist corrosion.
   911 | D:1      | 911 ||| READING scroll labelled RADUIPL VAFOW.
   911 | D:1      | Identified a scroll of acquirement
   911 | D:1      | 911 ||| ACQUIRING ring "Anoi" {rElec Slay+4}
   911 | D:1      | Acquired the ring "Anoi" {rElec Slay+4}
   913 | D:1      | 913 ||| UPGRADING to ring "Anoi" {rElec Slay+4}.
   914 | D:1      | 914 ||| READING scroll labelled DUOD RUINUFIKLA.
   915 | D:1      | 915 ||| DRINKING 2 gluggy clear potions.
   916 | D:1      | 916 ||| DRINKING 2 sapphire potions.
   917 | D:1      | 917 ||| DROPPING scroll of poison.
   961 | D:2      | Noticed Robin
   963 | D:2      | 963 ||| STAIRDANCE
   979 | D:2      | Reached XP level 3. HP: 13/29 MP: 3/3
   979 | D:2      | 979 ||| STAIRDANCE
  1059 | D:2      | 1059 ||| STAIRDANCE
  1092 | D:2      | 1092 ||| STAIRDANCE
  1123 | D:2      | Killed Robin
  1124 | D:2      | Reached skill level 4 in Ranged Weapons
  1223 | D:2      | Reached skill level 1 in Armour
  1247 | D:2      | Reached XP level 4. HP: 36/36 MP: 4/4
  1654 | D:2      | Reached skill level 5 in Ranged Weapons
  1667 | D:2      | 1667 ||| READING scroll labelled ISEOZEHUA RUTU.
  1668 | D:2      | 1668 ||| READING scroll labelled CAECUONYOTH.
  1669 | D:2      | 1669 ||| READING scroll labelled BAALIA USIK.
  1877 | D:3      | Reached XP level 5. HP: 44/44 MP: 5/5
  1887 | D:3      | Reached skill level 3 in Fighting
  1893 | D:3      | Slain by a gnoll

Levels and vault maps discovered:
D:1:      amcnicky_arrival_double_pillar, layout_loops_corners
D:2:      layout_basic, uniq_robin
D:3:      layout_loops_ring, ebering_ghost_rock_garden, serial_bayou_pond_d

Skill      XL: |  1  2  3  4  5 |
---------------+----------------+-----
Ranged Weapons | 3 4 5 |  5.0
Fighting       | 2 3 |  3.0
Armour         | 1 |  1.3
Dodging        | |  2.1
Spellcasting   | |  1.0
Hexes          | |  2.0

Action                     |  1- 3 |  4- 6 || total
---------------------------+-------+-------++-------
   Fire: Sling             |    80 |    65 ||   145
    Use: Scroll            |     2 |     3 ||     5
         Potion            |     2 |       ||     2
 Armour: Robe              |     3 |       ||     3
         Ring mail         |    12 |     5 ||    17
  Dodge: Dodged            |    31 |    14 ||    45

Table legend:
 A = Non-vault XP
 B = Vault XP
 C = Vault XP percentage of total XP
 D = Non-vault monster count
 E = Vault monster count
 F = Vault count percentage of total count
                 A         B        C        D         E       F
            +---------+---------+-------+---------+---------+-------
      Total |     192 |      31 |  13.9 |      53 |      10 |  15.9
            +---------+---------+-------+---------+---------+-------
        D:1 |      35 |       7 |  16.7 |      20 |       4 |  16.7
        D:2 |     103 |      24 |  18.9 |      23 |       6 |  20.7
        D:3 |      54 |       0 |   0.0 |      10 |       0 |   0.0
            +---------+---------+-------+---------+---------+-------
